 Dungeon Crawl Stone Soup version 0.26-a0-597-gb535b0901c (webtiles) character file.

Game seed: 18209212362526277540

121921 HoaS the Warrior (level 17, 0/144 HPs)
             Began as a Formicid Fighter on Aug 29, 2020.
             Was the Champion of Makhleb.
             Slain by a wolf spider (8 damage)
             ... while petrified by Jorgrun
             ... on level 1 of the Spider Nest.
             The game lasted 01:23:45 (29246 turns).

HoaS the Warrior (Formicid Fighter)                Turns: 29246, Time: 01:23:45

Health: 0/144      AC: 25    Str: 31    XL:     17   Next: 41%
Magic:  17/17      EV: -1    Int:  7    God:    Makhleb [******]
Gold:   1021       SH:  0    Dex: 11    Spells: 16/16 levels left

rFire    . . .     SeeInvis +   O - +3 bardiche
rCold    + . .     Faith    .   V - +1 tower shield {AC+3}
rNeg     + + +     Spirit   .   F - +5 scale mail of Kikubaaqudgha's Favour {Str+3}
rPois    ∞         Reflect  +   (helmet unavailable)
rElec    +         Harm     .   j - +1 cloak
rCorr    .                      k - +1 pair of gloves
MR       +....                  v - +1 pair of boots
Stlth    ..........             B - amulet of reflection
HPRegen  0.34/turn              U - +4 ring of slaying
MPRegen  0.15/turn              T - +4 ring of evasion

@: petrified, grasped by roots, held, constricted, studying 2 skills
A: permanent stasis, dig shafts and tunnels, four strong arms, antennae 3,
talons 1, blurry vision 1, cold resistance 1, electricity resistance
a: Dig, Shaft Self, Minor Destruction, Lesser Servant of Makhleb, Major
Destruction, Greater Servant of Makhleb, Renounce Religion


You were on level 1 of the Spider Nest.
You worshipped Makhleb.
Makhleb was exalted by your worship.
You visited 6 branches of the dungeon, and saw 28 of its levels.
You visited the Abyss 1 time.
You also visited: Bailey.

You collected 4080 gold pieces.
You spent 3059 gold pieces at shops.

Inventory:

Hand Weapons
 a - a +4 quarterstaff
 O - a +3 bardiche (weapon)
Armour
 j - a +1 cloak (worn)
 k - a +1 pair of gloves (worn)
 v - a +1 pair of boots (worn)
 F - the +5 scale mail of Kikubaaqudgha's Favour (worn) {Str+3}
   (You found it on level 3 of the Lair of Beasts)

   It affects your strength (+3).
 V - a +1 tower shield of protection (worn)
Jewellery
 c - the ring of Nyuf {Str+6 Int+4, unknown}
   (You found it on level 3 of the Swamp)

   [ring of strength]

   It affects your strength (+6).
   It affects your intelligence (+4).
 o - the ring of Jurhybil {rF+ Int+6 SInv}
   (You found it on level 7 of the Dungeon)

   [ring of intelligence]

   It affects your intelligence (+6).
   It protects you from fire.
   It lets you see invisible.
 w - a +4 ring of evasion
 x - an uncursed ring of flight
 y - an uncursed ring of resist corrosion
 B - an amulet of reflection (around neck)
 K - an uncursed ring of ice
 P - an uncursed ring of protection from fire
 R - an uncursed ring of stealth
 T - a +4 ring of evasion (right hand)
 U - a +4 ring of slaying (left hand)
Wands
 d - a wand of enslavement (12)
 h - a wand of acid (8)
 m - a wand of polymorph (11)
 s - a wand of random effects (29)
 u - a wand of paralysis (27)
 J - a wand of disintegration (21)
 M - a wand of flame (46)
 Q - a wand of iceblast (3)
Scrolls
 b - a scroll of identify
 i - 19 scrolls of remove curse
 l - 6 scrolls of magic mapping
 C - 3 scrolls of fog
 E - 4 scrolls of enchant armour
 H - 3 scrolls of enchant weapon
 L - a scroll of fear
Potions
 e - 4 potions of flight
 g - 12 potions of curing
 p - 2 potions of ambrosia
 q - 5 potions of lignification
 r - 5 potions of stabbing
 z - 7 potions of heal wounds
 A - 3 potions of invisibility
 G - 3 potions of cancellation
 I - a potion of resistance
Books
 t - a manual of Dodging
 S - a manual of Armour


   Skills:
 + Level 16.2 Fighting
 + Level 15.9 Staves
 + Level 13.4 Armour
 + Level 12.7 Dodging
 + Level 13.1 Shields


You had 16 spell levels left.
You didn't know any spells.
Your spell library contained the following spells:

 Spells                   Type           Power        Failure   Level
 Beastly Appendage        Tmut           #.....       75%         1
 Corona                   Hex            #......      75%         1
 Freeze                   Ice            #...         75%         1
 Magic Dart               Conj           #...         75%         1
 Sandblast                Erth           #.....       75%         1
 Sting                    Tmut/Pois      #...         75%         1
 Call Imp                 Summ           #.......     87%         2
 Ensorcelled Hibernation  Hex/Ice        #.....       87%         2
 Passwall                 Tmut/Erth      #.......     87%         2
 Poisonous Vapours        Pois/Air       #.....       87%         2
 Slow                     Hex            #.......     87%         2
 Wereblood                Tmut           #.......     87%         2
 Confusing Touch          Hex            #.......     98%         3
 Conjure Flame            Conj/Fire      #.......     98%         3
 Dazzling Flash           Conj/Hex       #.....       98%         3
 Frozen Ramparts          Ice            #.....       98%         3
 Ignite Poison            Fire/Tmut/Pois #.......     98%         3
 Mephitic Cloud           Conj/Pois/Air  #.......     98%         3
 Ozocubu's Armour         Ice            #.......     98%         3
 Spider Form              Tmut/Pois      #.........   98%         3
 Stone Arrow              Conj/Erth      #.....       98%         3
 Tukima's Dance           Hex            #.......     98%         3
 Hailstorm                Conj/Ice       #.......     100%        4
 Ice Form                 Ice/Tmut       #.......     100%        4
 Olgreb's Toxic Radiance  Pois           #.......     100%        4
 Petrify                  Tmut/Erth      #.......     100%        4
 Summon Ice Beast         Ice/Summ       #.......     100%        4
 Summon Lightning Spire   Summ/Air       #.......     100%        4
 Blade Hands              Tmut           #.........   100%        5
 Bolt of Magma            Conj/Fire/Erth #.........   100%        5
 Iskenderun's Battlesphe  Conj           #.......     100%        5
 Lee's Rapid Deconstruct  Erth           #.........   100%        5
 Silence                  Hex/Air        #.........   100%        5
 Conjure Ball Lightning   Conj/Air       #.........   100%        6
 Iron Shot                Conj/Erth      #.........   100%        6
 Orb of Destruction       Conj           #.........   100%        7
 Spellforged Servitor     Conj/Summ      #.........   100%        7
 Tornado                  Air            #.........   100%        9
 Blink                    Tloc           Unusable     N/A         2

Dungeon Overview and Level Annotations

Branches:
Dungeon (15/15)            Temple (1/1) D:7            Lair (6/6) D:10
  Swamp (3/4) Lair:2       Spider (1/4) Lair:4        Slime (0/5) Lair:5
    Orc (2/2) D:11            Elf (0/3) Orc:2        Vaults (0/5) D:14
 Depths (0/5) D:15         Bailey (visited)

Altars:
Ashenzari
Cheibriados
Dithmenos
Elyvilon
Fedhas
Gozag
Hepliaklqana
Kikubaaqudgha
Makhleb
Nemelex Xobeh
Okawaru
Qazlal
Ru
Sif Muna
Trog
Uskayaw
Vehumet
Wu Jian
Xom
Yredelemnul
Zin
The Shining One
Beogh
Lugonu

Shops:
D:13 ?   D:14 :[=   Orc:2 *(*:

Portals:
Pandemonium: Orc:2

Annotations:
Spider:1 Jorgrun


Innate Abilities, Weirdness & Mutations

You cannot be hasted, slowed, berserked, paralysed or teleported.
You can dig through walls and to a lower floor.
Your four strong arms can wield two-handed weapons with a shield.
You have a pair of large antennae on your head. (SInv)
You have sharp toenails.
Scrolls take you a little longer to read.
Your flesh is cold resistant. (rC+)
You are resistant to electric shocks. (rElec)


Message History

The grasping roots constrict you! The emperor scorpion stings you.
* * * LOW HITPOINT WARNING * * *
The emperor scorpion claws you but does no damage. x2
The jumping spider pounces on you but does no damage.
The jumping spider bites you.
* * * LOW HITPOINT WARNING * * *
The wolf spider hits you!
* * * LOW HITPOINT WARNING * * *
The wolf spider bites you but does no damage.
The jumping spider pounces on you but does no damage.
The jumping spider bites you but does no damage.
Jorgrun hits you but does no damage.
* * * LOW HITPOINT WARNING * * *
The grasping roots constrict you!
The emperor scorpion stings you but does no damage.
The emperor scorpion claws you!
* * * LOW HITPOINT WARNING * * *
The emperor scorpion claws you. The wolf spider hits you!
You die...

#..## #...###
##.<...##
#..##...# {
#...##..#
#...##..# #
#..##...# .# {
#..##...#..#
##..#.s@s.# {
#..#.!gs......
..##..(..#.###
###..## #
####{ {


You could see Jorgrun, an emperor scorpion, a wolf spider and a jumping spider.

Vanquished Creatures
  Frances (D:13)
  A thorn hunter (Swamp:3)
  Kirke (D:13)
  Louise (Swamp:2)
  A very ugly thing (D:14)
  A fire dragon (Lair:6)
  Harold (D:8)
  A ghost crab (Swamp:1)
  A yaktaur captain (D:15)
  7 hydras
  A rakshasa (D:15)
  The ghost of HoaS the Cruncher, a journeyman FoFi of Makhleb (Lair:1)
  2 vault guards (D:14)
  A catoblepas (D:14)
  5 two-headed ogres
  8 alligators
  Erica (D:9)
  4 centaur warriors
  3 death yaks (Lair:5)
  5 orc high priests (Orc:2)
  3 skeletal warriors (D:11)
  3 unseen horrors
  A gelid demonspawn (Orc:2)
  A torturous demonspawn (Orc:2)
  2 wizards (D:14)
  3 swamp dragons
  Pikel (D:4)
  A wolf spider zombie (D:15)
  A lindwurm (Lair:6)
  8 orc knights
  2 deep elf magi
  2 manticores
  2 cyclopes
  A wolf spider (Lair:6)
  10 orc sorcerers
  5 ugly things
  3 centaur zombies
  10 black mambas
  A guardian serpent (Lair:6)
  A rust devil (Orc:2)
  11 torpor snails
  21 cane toads
  2 smoke demons (Orc:2)
  2 gargoyles
  An efreet (D:10)
  2 rime drakes
  A yaktaur (D:15)
  3 kobold demonologists
  5 komodo dragons
  A hellwing (Abyss:3)
  5 polar bears
  5 trolls
  7 tyrant leeches
  10 hornets
  7 bog bodies
  12 dream sheep
  14 blink frogs
  20 slime creatures
  9 hippogriffs
  Sigmund (D:4)
  A ynoxinul (Orc:2)
  A vampire (D:8)
  A redback (Lair:6)
  7 shadows
  18 yaks
  16 wyverns
  A basilisk (shapeshifter) (D:14)
  2 basilisks
  21 humans (D:14)
  2 neqoxecs (Abyss:3)
  18 vampire mosquitoes
  3 insubstantial wisps (Swamp:3)
  2 wargs (Orc:1)
  Edmund (D:4)
  An acid dragon (D:15)
  3 large abominations (Abyss:3)
  14 swamp worms
  2 hell hounds (Orc:2)
  26 water moccasins
  11 porcupines
  33 orc warriors
  A phantom (D:12)
  5 swamp drakes
  5 ice beasts
  9 ogres
  3 sky beasts
  A black bear (shapeshifter) (D:15)
  4 black bears
  4 boggarts (Lair:6)
  2 eyes of draining
  6 centaurs
  10 crocodiles
  9 big kobolds
  15 bullfrogs
  A gnoll sergeant (D:13)
  2 scorpions
  11 killer bees
  13 wights
  2 howler monkeys
  3 electric eels
  2 bullfrog zombies
  5 jellies
  5 centaur skeletons
  27 orc priests
  8 hounds
  18 orc wizards
  5 bullfrog skeletons
  Ijyb (D:3)
  Terence (D:3)
  5 iguanas
  10 worker ants
  A statue (D:5)
  5 hound zombies
  3 hound skeletons
  A howler monkey zombie (D:10)
  12 adders
  15 gnolls
  3 shadow imps
  6 white imps
  2 ufetubi
  An ooze (D:3)
  An adder zombie (D:8)
  An adder skeleton (D:6)
  3 worms (D:2)
  2 dart slugs
  7 leopard geckos
  98 orcs
  4 bats
  4 giant cockroaches
  12 goblins
  7 hobgoblins
  14 jackals
  37 kobolds
  5 quokkas
  3 ball pythons
  3 frilled lizards
  2 gnoll zombies (D:8)
  A jackal skeleton (D:4)
  A leopard gecko skeleton (D:3)
  2 leopard gecko zombies
  A quokka zombie (D:3)
  8 rats
  2 briar patches (Swamp:3)
891 creatures vanquished.

Vanquished Creatures (others)
  A cane toad (Lair:6)
  A hound (D:14)
  36 fungi
  71 plants
  A withered plant (D:3)
110 creatures vanquished.

Grand Total: 1001 creatures vanquished

Notes
Turn   | Place    | Note
-------+----------+-------------------------------------------
     0 | D:1      | HoaS the Formicid Fighter began the quest for the Orb.
     0 | D:1      | Reached XP level 1. HP: 18/18 MP: 1/1
   403 | D:1      | Reached XP level 2. HP: 20/24 MP: 2/2
   663 | D:2      | Reached XP level 3. HP: 25/29 MP: 3/3
  1262 | D:2      | Reached XP level 4. HP: 16/35 MP: 4/4
  1444 | D:2      | Found a hide-covered altar of Uskayaw.
  1841 | D:3      | Noticed Ijyb
  1891 | D:3      | Killed Ijyb
  1891 | D:3      | Reached XP level 5. HP: 36/41 MP: 5/5
  2060 | D:3      | Found a basalt altar of Yredelemnul.
  2073 | D:3      | Reached skill level 5 in Shields
  2354 | D:3      | Noticed Terence
  2373 | D:3      | Killed Terence
  2373 | D:3      | Reached XP level 6. HP: 45/47 MP: 6/6
  2434 | D:3      | Reached skill level 5 in Staves
  2715 | D:4      | Noticed Pikel
  2783 | D:4      | Killed Pikel
  2783 | D:4      | Reached XP level 7. HP: 27/52 MP: 7/7
  2783 | D:4      | Reached XP level 8. HP: 30/58 MP: 8/8
  2838 | D:4      | Found an ornate altar of the Wu Jian Council.
  2938 | D:4      | Noticed Edmund
  2956 | D:4      | Killed Edmund
  3074 | D:4      | Noticed Sigmund
  3084 | D:4      | Killed Sigmund
  3121 | D:4      | Found a hazy altar of Hepliaklqana.
  3363 | D:4      | Found a shattered altar of Ashenzari.
  3566 | D:4      | Found an opulent altar of Gozag.
  3808 | D:5      | Entered Level 5 of the Dungeon
  3839 | D:5      | Reached XP level 9. HP: 50/64 MP: 9/9
  4333 | D:5      | Found a radiant altar of Vehumet.
  4671 | D:6      | Found a stormy altar of Qazlal.
  5016 | D:6      | Reached skill level 10 in Staves
  5683 | D:7      | Found a staircase to the Ecumenical Temple.
  5686 | D:7      | Noticed a hippogriff
  5705 | D:7      | Killed a hippogriff
  5705 | D:7      | Reached XP level 10. HP: 59/70 MP: 10/10
  5708 | D:7      | Got an ancient bronze ring
  5724 | Temple   | Entered the Ecumenical Temple
  5896 | D:7      | Found a burning altar of Makhleb.
  5908 | D:7      | Became a worshipper of Makhleb the Destroyer
  6036 | D:7      | Found a shimmering altar of Xom.
  6073 | D:7      | Identified the ring of Jurhybil {rF+ Int+6 SInv} (You found
                  | it on level 7 of the Dungeon)
  6380 | D:7      | Found a glowing silver altar of Zin.
  6380 | D:7      | You fall into a shaft and drop 1 floor!
  6690 | D:8      | Found a snail-covered altar of Cheibriados.
  6890 | D:8      | Found a shimmering altar of Xom.
  6920 | D:8      | Noticed Harold
  6934 | D:8      | Killed Harold
  7207 | D:8      | Reached * piety under Makhleb
  7272 | D:8      | Found a basalt altar of Yredelemnul.
  7399 | D:9      | Noticed a two-headed ogre
  7472 | D:9      | Reached XP level 11. HP: 75/75 MP: 11/11
  7582 | D:9      | Reached skill level 4 in Fighting
  7582 | D:9      | Reached skill level 1 in Dodging
  7600 | D:9      | Found an ancient bone altar of Kikubaaqudgha.
  7600 | D:9      | Found a bloodstained altar of Trog.
  7600 | D:9      | Found an iron altar of Okawaru.
  7732 | D:10     | Entered Level 10 of the Dungeon
  7732 | D:10     | Noticed a two-headed ogre
  7752 | D:9      | Killed a two-headed ogre
  7752 | D:9      | Reached skill level 5 in Fighting
  8021 | D:9      | Noticed Erica
  8041 | D:9      | Killed Erica
  8450 | D:10     | Found a staircase to the Lair.
  8459 | Lair:1   | Entered Level 1 of the Lair of Beasts
  8499 | Lair:1   | Reached skill level 6 in Fighting
  8508 | Lair:1   | Reached skill level 5 in Armour
  8566 | Lair:1   | Reached ** piety under Makhleb
  8577 | Lair:1   | Found a runed translucent gate.
  8577 | Lair:1   | Found a runed translucent gate.
  8577 | Lair:1   | Found a runed translucent gate.
  8578 | Lair:1   | Noticed HoaS's ghost (journeyman FoFi)
  8812 | Lair:1   | Reached skill level 7 in Fighting
  9513 | D:10     | Reached XP level 12. HP: 86/91 MP: 12/12
  9618 | D:10     | Noticed a six-headed hydra
  9620 | D:10     | Noticed a centaur warrior
  9639 | D:10     | Killed a six-headed hydra
  9639 | D:10     | Reached skill level 8 in Fighting
  9646 | D:10     | Killed a centaur warrior
  9669 | D:10     | Identified the ring of Ydarav {rF+ MR- Int+8 SInv}
 10092 | D:10     | Reached skill level 9 in Fighting
 10099 | D:10     | Reached *** piety under Makhleb
 10294 | D:10     | Killed a two-headed ogre
 10454 | D:10     | Reached skill level 5 in Dodging
 10530 | Lair:1   | Killed HoaS's ghost
 10971 | Lair:2   | Found a staircase to the Swamp.
 11178 | Lair:2   | Reached skill level 10 in Fighting
 11820 | Lair:2   | Found a snail-covered altar of Cheibriados.
 11838 | Lair:2   | Reached XP level 13. HP: 104/104 MP: 13/13
 12313 | Lair:3   | Got a warped scale mail
 12337 | Lair:3   | Reached skill level 11 in Fighting
 12469 | Lair:3   | Noticed an eight-headed hydra
 12484 | Lair:3   | Killed an eight-headed hydra
 12533 | Lair:3   | Reached **** piety under Makhleb
 13052 | Lair:4   | You fall into a shaft and drop 2 floors!
 13052 | Lair:6   | Entered Level 6 of the Lair of Beasts
 13139 | Lair:6   | Reached skill level 12 in Fighting
 13175 | Lair:6   | Found a runed translucent door.
 13186 | Lair:6   | Noticed a fire dragon
 13247 | Lair:6   | Noticed a seven-headed hydra
 13261 | Lair:5   | Identified the +5 scale mail of Kikubaaqudgha's Favour
                  | {Str+3} (You found it on level 3 of the Lair of Beasts)
 13766 | Lair:4   | Found a hole to the Spider Nest.
 14343 | Lair:5   | Reached skill level 13 in Fighting
 14460 | Lair:5   | Reached XP level 14. HP: 84/118 MP: 14/14
 14692 | Lair:5   | Found a staircase to the Slime Pits.
 14801 | Lair:5   | Reached ***** piety under Makhleb
 15319 | Lair:6   | Reached skill level 14 in Fighting
 16760 | Lair:6   | Reached skill level 10 in Shields
 17037 | D:10     | Identified the +4 ring mail of Zikloq {Rampage +Inv Str+5
                  | Stlth-} (You found it on level 10 of the Dungeon)
 17102 | D:11     | Found a staircase to the Orcish Mines.
 17344 | D:11     | Reached XP level 15. HP: 122/127 MP: 15/15
 17356 | D:11     | Reached skill level 10 in Armour
 17466 | D:11     | Reached ****** piety under Makhleb
 18147 | D:12     | Found a flagged portal.
 18149 | D:12     | Found the +7 mace of Variability {chain chaos}
 18167 | Bailey   | Entered a bailey
 19036 | D:12     | Reached skill level 10 in Dodging
 19552 | Orc:1    | Entered Level 1 of the Orcish Mines
 19993 | Orc:2    | Entered Level 2 of the Orcish Mines
 19993 | Orc:2    | Found a staircase to the Elven Halls.
 19993 | Orc:2    | Found a roughly hewn altar of Beogh.
 20172 | Orc:2    | Found Iblilloh's General Store.
 20241 | Orc:2    | Found Roikh's General Store.
 20684 | Orc:2    | Found a dark tunnel.
 21103 | Orc:2    | Reached skill level 15 in Fighting
 21867 | Orc:2    | Found Ramim's Book Shoppe.
 21867 | Orc:2    | Found Cikaerr's Antique Weapon Emporium.
 21867 | Orc:2    | Found a one-way gate leading to the halls of Pandemonium.
 21910 | Orc:2    | Bought a scroll of identify for 24 gold pieces
 21976 | Orc:1    | Reached skill level 15 in Staves
 22360 | D:13     | Found Vaumis's Magic Scroll Shoppe.
 22364 | D:13     | Bought a scroll of identify for 34 gold pieces
 22364 | D:13     | Bought a scroll of identify for 34 gold pieces
 22364 | D:13     | Bought a scroll of acquirement for 884 gold pieces
 22364 | D:13     | Bought a scroll of identify for 34 gold pieces
 22367 | D:13     | Acquired a manual of Dodging
 22628 | D:13     | Noticed Frances
 22650 | D:13     | Killed Frances
 22650 | D:13     | Reached XP level 16. HP: 136/136 MP: 16/16
 23083 | D:13     | Noticed Kirke
 23094 | D:13     | Killed Kirke
 23423 | D:14     | Found Emenitt's Antique Armour Emporium.
 23528 | D:14     | Found Niucries's Jewellery Shop.
 23576 | D:14     | Bought a +4 ring of evasion for 504 gold pieces
 24289 | D:14     | Identified the +3 arbalest "Horos" {elec, rF+}
 24405 | D:14     | Found a gate to the Vaults.
 24493 | D:14     | Found Vayshroim's Book Boutique.
 24496 | D:14     | Bought a manual of Armour for 1545 gold pieces
 24594 | D:15     | Entered Level 15 of the Dungeon
 25257 | D:15     | Found a staircase to the Depths.
 25523 | Swamp:1  | Entered Level 1 of the Swamp
 26633 | Swamp:2  | Reached XP level 17. HP: 144/144 MP: 17/17
 26955 | Swamp:2  | Reached skill level 16 in Fighting
 27087 | Swamp:2  | Noticed Louise
 27109 | Swamp:2  | Cast into level 3 of the Abyss (Louise)
 27109 | Abyss:3  | Found a corrupted altar of Lugonu.
 27212 | Abyss:3  | Acquired a +4 ring of slaying
 27362 | Abyss:3  | Gained mutation: Scrolls take you a little longer to read.
                  | [a neqoxec]
 27415 | Abyss:3  | Gained mutation: Armour fits poorly on your strangely
                  | shaped body. [a neqoxec]
 27427 | Swamp:2  | Escaped the Abyss
 27448 | Swamp:2  | Killed Louise
 27552 | Swamp:2  | Lost mutation: Scrolls take you a little longer to read.
                  | [potion of mutation]
 27552 | Swamp:2  | Lost mutation: Armour fits poorly on your strangely shaped
                  | body. [potion of mutation]
 27552 | Swamp:2  | Gained mutation: You are resistant to electric shocks.
                  | (rElec) [potion of mutation]
 27552 | Swamp:2  | Gained mutation: Your flesh is cold resistant. (rC+)
                  | [potion of mutation]
 27552 | Swamp:2  | Gained mutation: Scrolls take you a little longer to read.
                  | [potion of mutation]
 27552 | Swamp:2  | Gained mutation: You have sharp toenails. [potion of
                  | mutation]
 28304 | Swamp:3  | Noticed a thorn hunter
 28315 | Swamp:3  | Killed a thorn hunter
 28917 | Swamp:3  | Got a scorched brass ring
 29218 | Spider:1 | Entered Level 1 of the Spider Nest
 29229 | Spider:1 | Noticed Jorgrun
 29246 | Spider:1 | Slain by a wolf spider

Illustrated notes

Levels and vault maps discovered:
D:1:      psy_arrival_whirlpool, layout_basic
D:2:      layout_basic, lemuel_crystal_altar
D:3:      layout_loops_cross, serial_undead, serial_undead_e, serial_undead_f,
          serial_undead_a, serial_undead_d, serial_undead_c, serial_undead_d,
          hangedman_decor_opposing, lemuel_tele_altar, uniq_ijyb, uniq_terence
D:4:      minmay_spotlight, layout_basic, lemuel_round_altar,
          nicolae_overflow_hidden_temple, kennysheep_mini_moat,
          nicolae_overflow_crystal_walls, minmay_stone_trees_medium,
          item_on_display_a, uniq_pikel, uniq_edmund, uniq_sigmund
D:5:      layout_loops_cross, vehumet_statue
D:6:      layout_cave_pods, nicolae_qazlal_general_emergency, chequers_garden
D:7:      layout_rooms, zin_statuary, makhleb_grotto_becter,
          minmay_temple_entry_wispy, serial_glass, glass_columns_a,
          glass_columns_a, fountainhead, hex_medium, xom_redecorated
D:8:      layout_rooms, lemuel_zombie_altar_yredelemnul, kennysheep_mini,
          basic_altar, uniq_harold
D:9:      layout_rooms, gammafunk_temple_overflow_forgotten,
          statue_in_the_mist_lemuel, uniq_erica
D:10:     minmay_the_grid_triangle_9x9_recursive_2
          [minmay_the_grid_triangle_9x9_prize_schism,
          minmay_the_grid_triangle_9x9_semitri,
          minmay_the_grid_triangle_9x9_wacky_v,
          minmay_the_grid_triangle_9x9_intruding_spiral], layout_cross
D:11:     layout_stronghold, orc_0_dummy, serial_rivers,
          chequers_serial_rivers_micro_d, chequers_serial_rivers_room_a,
          chequers_serial_rivers_room_a, chequers_serial_rivers_micro_e,
          chequers_serial_rivers_small_a, hangedman_decor_riveting
D:12:     layout_loops_ring, enter_bailey_3
D:13:     layout_long_grid, serial_shops, shop_scrolls,
          chequers_serial_rivers_micro_b, uniq_kirke, uniq_frances
D:14:     layout_long_grid, grunt_vaults_entry_tiered, serial_shops,
          nicolae_shop_behind_doors, nicolae_shop_statue_plus,
          nicolae_shop_stone, kennysheep_generic_room_9
D:15:     grunt_enter_depths_snipers, layout_basic, palyth_stone_intersect
Temple:   corrupted_temple
Lair:1:   layout_gridlike, ebering_ghost_rock_garden, grunt_megastairs_3,
          serial_bayou_shore_b, serial_bayou_shore_b
Lair:2:   layout_layer_cave, nicolae_swamp_entry_splash_gauntlet,
          kennysheep_snail_temple, grunt_megastairs_2, lemuel_fruit_tree
Lair:3:   layout_misc_corridors
Lair:4:   layout_loops_ring, spider_nest_entry_web_field, st_stairs_12,
          grunt_megastairs_4
Lair:5:   layout_gridlike, slime_dummy, beast_lair_carwin_11
Lair:6:   hangedman_lair_tendril_chambers, layout_loops_ring, wormcave,
          kilobyte_rumbling_trees
Swamp:1:  layout_falls_marsh, nicolae_swamp_trees_clearing
Swamp:2:  layout_basic_swamp, evilmike_swamp_ruin_wall, swamp_pool1,
          ldierk_geyser, uniq_louise
Swamp:3:  layout_basic_swamp, hangedman_swamp_lotus, water_boxes_lemuel,
          infiniplex_staircase_pool
Spider:1: layout_spider_delve, uniq_jorgrun
Orc:1:    layout_caves, mumra_transporter_accident, mines2_lemuel
Orc:2:    pf_orc_diabolical, layout_diamond_mine, enter_volcano_3, basic_altar

Skill      XL: |  1  2  3  4  5  6  7  8  9 10 11 12 13 14 15 16 17 |
---------------+----------------------------------------------------+-----
Shields        | 4 5 6 8 9 10 11 12 13 | 13.1
Staves         | 3 4 7 8 11 13 14 15 | 15.9
Fighting       | 7 10 13 14 15 16 | 16.2
Dodging        | 3 5 7 9 10 12 | 12.7
Armour         | 5 8 9 11 12 13 | 13.4

Action                   |  1- 3 |  4- 6 |  7- 9 | 10-12 | 13-15 | 16-18 || total
-------------------------+-------+-------+-------+-------+-------+-------++-------
Melee: Quarterstaff      |    67 |   163 |   364 |   734 |  1819 |    79 ||  3226
       Bardiche          |       |       |       |       |       |   834 ||   834
 Abil: Dig               |     4 |       |     4 |    11 |    31 |     6 ||    56
Evoke: Wand              |       |       |     1 |     5 |     4 |     2 ||    12
  Use: Scroll            |     4 |     3 |     6 |    14 |    14 |     8 ||    49
       Potion            |       |       |     1 |     2 |     2 |     2 ||     7
Armor: Scale mail        |    18 |    48 |    57 |    31 |   228 |   335 ||   717
       Chain mail        |       |    22 |    14 |       |       |       ||    36
       Plate armour      |       |       |       |   109 |    49 |       ||   158
Dodge: Dodged            |    15 |    47 |    64 |    97 |   351 |   695 ||  1269
Block: Kite shield       |    23 |   108 |   169 |   431 |  1008 |   845 ||  2584
       Reflection        |       |       |     2 |    12 |   103 |    46 ||   163
       Tower shield      |       |       |       |       |       |   362 ||   362

Table legend: (Time is in decaauts)
 A = Elapsed time spent in this place.
 B = Non-inter-level travel time spent in this place.
 C = Inter-level travel time spent in this place.
 D = Time resting spent in this place.
 E = Time spent auto-exploring this place.
 F = Levels seen in this place.
 G = Mean time per level.
                   A        B        C        D        E       F      G
               +--------+--------+--------+--------+--------+-----+--------+
         Total |  28664 |  26947 |   1717 |   4999 |  14338 |  30 |  955.5 |
       Dungeon |  14515 |  13528 |    987 |   2140 |   7706 |  15 |  967.7 |
        Temple |     82 |     82 |      0 |     33 |     28 |   1 |   82.0 |
          Lair |   7022 |   6624 |    398 |   1264 |   3686 |   6 | 1170.3 |
         Swamp |   3641 |   3487 |    154 |    988 |   1682 |   3 | 1213.7 |
   Spider Nest |     32 |     32 |      0 |      0 |     10 |   1 |   32.0 |
  Orcish Mines |   2451 |   2275 |    176 |    378 |   1040 |   2 | 1225.5 |
         Abyss |    326 |    326 |      0 |     87 |    160 |   1 |  326.0 |
        Bailey |    590 |    590 |      0 |    109 |     25 |   1 |  590.0 |
               +--------+--------+--------+--------+--------+-----+--------+

Top non-repeatable levels by time:
   Orc:2: 1875 daAuts
  Lair:2: 1748 daAuts
  Lair:6: 1627 daAuts
 Swamp:3: 1406 daAuts
    D:14: 1346 daAuts
     D:2: 1310 daAuts
    D:10: 1202 daAuts
 Swamp:2: 1191 daAuts
    D:11: 1146 daAuts
     D:4: 1123 daAuts
  Lair:5: 1118 daAuts
 Swamp:1: 1044 daAuts
    D:13: 1040 daAuts
  Lair:1: 1024 daAuts
     D:6: 941 daAuts
